 Dungeon Crawl Stone Soup version 0.20.0 (webtiles) character file.

2387 MatthieuS the Destroyer (level 9, -3/78 HPs)
             Began as a Green Draconian Conjurer on June 15, 2017.
             Was a Priest of Vehumet.
             Shot with an arrow by a centaur (9 damage)
             ... on level 9 of the Dungeon.
             The game lasted 00:36:01 (8329 turns).

MatthieuS the Destroyer (Green Draconian Conjurer)  Turns: 8329, Time: 00:36:02

Health: -3/78      AC:  7    Str: 11    XL:     9   Next: 22%
Magic:  2/20       EV: 12    Int: 26    God:    Vehumet [***...]
Gold:   462        SH:  4    Dex: 12    Spells: 4/22 levels left

rFire    . . .     SeeInvis .   a - +7 dagger
rCold    . . .     Gourm    .   p - +0 buckler
rNeg     . . .     Faith    .   (armour unavailable)
rPois    +         Spirit   .   (helmet restricted)
rElec    .         Reflect  .   (no cloak)
rCorr    .         Harm     .   (no gloves)
MR       .....                  (no boots)
Stlth    ++........             (no amulet)
Regen    0.3/turn               v - +5 ring of intelligence
MPRegen  0.2/turn               x - +3 ring of intelligence

@: very slightly contaminated
A: breathe noxious fumes, unfitting armour, poison resistance, cold-blooded, AC
+7
a: Breathe Noxious Fumes, Renounce Religion


You were on level 9 of the Dungeon.
You worshipped Vehumet.
Vehumet was most pleased with you.
You were not hungry.

You visited 1 branch of the dungeon, and saw 9 of its levels.

You collected 462 gold pieces.

Inventory:

Hand Weapons
 a - a +7 dagger (weapon)
 z - a +1 dagger of venom
Missiles
 l - 2 poisoned javelins (quivered)
 o - 33 sling bullets
Armour
 p - a +0 buckler (worn)
Magical Staves
 e - an uncursed staff of wizardry
 y - an uncursed staff of poison
Jewellery
 v - a +5 ring of intelligence (left hand)
 x - a +3 ring of intelligence (right hand)
Wands
 u - a wand of iceblast (7/15)
 D - a wand of flame (34/48)
Scrolls
 f - 4 scrolls of remove curse
 g - a scroll of blinking {unknown}
 m - a scroll of amnesia
 n - 3 scrolls of teleportation
 w - a scroll of enchant armour
 A - 3 scrolls of fear
Potions
 c - a potion of mutation
 d - 2 potions of might
 k - a potion of brilliance {unknown}
 r - 2 potions of agility
 B - a potion of cancellation {unknown}
Books
 h - a book of Conjurations

   Spells                             Type                      Level
   a - Magic Dart                     Conjuration                  1
   b - Searing Ray                    Conjuration                  2
   c - Dazzling Spray                 Conjuration/Hexes            3
   d - Fulminant Prism                Conjuration/Hexes            4
   e - Force Lance                    Conjuration/Translocation    4
   f - Iskenderun's Mystic Blast      Conjuration                  4
Comestibles
 b - 6 bread rations
 j - 5 fruits
 q - 2 royal jellies
 t - 3 meat rations


   Skills:
 - Level 6.4 Fighting
 - Level 1.7 Dodging
 - Level 1.7 Stealth
 + Level 1.8 Shields
 + Level 7.4 Spellcasting
 + Level 8.3 Conjurations


You had 4 spell levels left.
You knew the following spells:

 Your Spells              Type           Power        Failure   Level  Hunger
a - Magic Dart            Conj           ####         1%          1    None
b - Searing Ray           Conj           ######       1%          2    None
c - Dazzling Spray        Conj/Hex       ####..       1%          3    None
d - Fulminant Prism       Conj/Hex       ####......   4%          4    ##.....
e - Force Lance           Conj/Tloc      ####....     4%          4    ##.....
f - Iskenderun's Mystic   Conj           ######..     1%          4    ##.....


Dungeon Overview and Level Annotations

Branches:
Dungeon (9/15)             Temple (0/1) D:6
   Lair: D:8-11         Orc: D:9-12

Altars:
Cheibriados
Dithmenos
Fedhas
Gozag
Nemelex Xobeh
Okawaru
Qazlal
Vehumet
Yredelemnul

Annotations:
D:8 Joseph


Innate Abilities, Weirdness & Mutations

You can breathe blasts of noxious fumes.
Your lurid green scales are hard. (AC +7)
You cannot fit into any form of body armour.
Your system is resistant to poisons. (rPois)
You are cold-blooded and may be slowed by cold attacks.


Message History

Found a stone staircase leading down.
A centaur comes into view.
The centaur shouts!
The centaur wields a shortbow.
The centaur shoots an arrow.
The arrow hits you!
* * * LOW HITPOINT WARNING * * *
Found a buckler.
You see here an arrow.
You see here a scroll of remove curse.
f - 4 scrolls of remove curse (gained 1)
The centaur shoots an arrow.
The arrow hits you!
* * * LOW HITPOINT WARNING * * *
The centaur shoots an arrow.
The arrow barely misses you. 2 adders and a bullfrog come into view.
The adder hisses angrily.
The bullfrog moves out of view.
The adder moves out of view.
The centaur shoots an arrow.
The arrow hits you.
* * * LOW HITPOINT WARNING * * *
You see here 2 arrows.
The centaur shoots an arrow.
The arrow hits you!
You die...

# .. ... $...
## ..... ##.#
......###(.##
.......@(...#
..S.........#
.Fc.........#
.S######.####
. #.# ..# .
[.. ##. ..
... ... ...
..#


You could see a bullfrog (wandering), a centaur and 2 adders.

Vanquished Creatures
  A troll (D:9)
  A hungry ghost (D:9)
  An ogre (D:8)
  A centaur (D:6)
  A necrophage (D:6)
  2 big kobolds
  A bullfrog (D:8)
  3 killer bees (D:6)
  6 howler monkeys
  3 crimson imps
  2 jellies
  A hound (D:7)
  7 orc priests
  A quasit (D:8)
  A gnoll shaman (D:6)
  8 worker ants
  3 iguanas
  7 orc wizards
  10 adders
  4 gnolls (D:6)
  A howler monkey skeleton (D:4)
  A shadow imp (D:7)
  An ooze (D:4)
  3 adder skeletons
  2 dart slugs
  4 leopard geckos
  39 orcs
  A ball python (D:2)
  11 bats
  7 giant cockroaches
  6 goblins
  5 hobgoblins
  7 jackals
  8 kobolds
  2 quokkas
  6 frilled lizards
  A leopard gecko skeleton (D:4)
  4 rats
  A fulminant prism (D:9)
174 creatures vanquished.

Vanquished Creatures (others)
  12 fulminant prisms
12 creatures vanquished.

Grand Total: 186 creatures vanquished

Notes
Turn   | Place    | Note
-------+----------+-------------------------------------------
     0 | D:1      | MatthieuS the Draconian Conjurer began the quest for the Orb.
     0 | D:1      | Reached XP level 1. HP: 14/14 MP: 3/3
   229 | D:1      | Reached XP level 2. HP: 18/20 MP: 0/5
   233 | D:1      | Learned a level 2 spell: Searing Ray
   859 | D:2      | Reached XP level 3. HP: 25/26 MP: 2/7
   936 | D:2      | Learned a level 3 spell: Dazzling Spray
   942 | D:2      | Found a stormy altar of Qazlal.
  1044 | D:2      | Found a radiant altar of Vehumet.
  1101 | D:2      | Became a worshipper of Vehumet
  1298 | D:2      | Found a snail-covered altar of Cheibriados.
  1317 | D:2      | Found a shadowy altar of Dithmenos.
  1633 | D:2      | Found a basalt altar of Yredelemnul.
  1647 | D:2      | Reached XP level 4. HP: 23/33 MP: 0/9
  2639 | D:3      | Found a sparkling altar of Nemelex Xobeh.
  2738 | D:3      | Reached * piety under Vehumet
  2738 | D:3      | Offered knowledge of Shock by Vehumet.
  2995 | D:4      | Reached XP level 5. HP: 21/38 MP: 1/11
  3100 | D:4      | Reached skill level 5 in Conjurations
  3111 | D:4      | Learned a level 4 spell: Fulminant Prism
  3354 | D:4      | Found an iron altar of Okawaru.
  3378 | D:4      | Reached skill level 1 in Fighting
  3575 | D:4      | Reached XP level 6. HP: 45/48 MP: 2/12
  3738 | D:4      | Found an opulent altar of Gozag.
  4238 | D:4      | Learned a level 4 spell: Force Lance
  4249 | D:5      | Entered Level 5 of the Dungeon
  4314 | D:5      | Found a blossoming altar of Fedhas.
  4825 | D:5      | Reached skill level 5 in Spellcasting
  4825 | D:5      | Reached skill level 6 in Conjurations
  4825 | D:5      | Your scales start taking on a lurid green colour.
  4825 | D:5      | Reached XP level 7. HP: 56/56 MP: 7/14
  4825 | D:5      | Gained mutation: Your system is resistant to poisons. (rPois) [Green Draconian growth]
  5047 | D:5      | Offered knowledge of Freeze by Vehumet.
  5047 | D:5      | Reached ** piety under Vehumet
  5519 | D:6      | Found a staircase to the Ecumenical Temple.
  5955 | D:6      | Reached XP level 8. HP: 63/67 MP: 9/16
  6100 | D:6      | Reached skill level 7 in Conjurations
  6414 | D:6      | Learned a level 4 spell: Iskenderun's Mystic Blast
  6657 | D:6      | Reached skill level 5 in Fighting
  7096 | D:7      | Offered knowledge of Inner Flame by Vehumet.
  7856 | D:8      | Reached *** piety under Vehumet
  8215 | D:8      | Reached skill level 8 in Conjurations
  8215 | D:8      | Reached XP level 9. HP: 78/78 MP: 15/19
  8219 | D:8      | Noticed Joseph
  8300 | D:9      | Noticed a troll
  8304 | D:9      | Reached skill level 1 in Shields
  8310 | D:9      | Killed a troll
  8329 | D:9      | Shot with an arrow by a centaur

Skill      XL: |  1  2  3  4  5  6  7  8  9 |
---------------+----------------------------+-----
Spellcasting   | 3 4 5 7 |  7.4
Conjurations   | 5 6 8 |  8.3
Fighting       | 1 2 4 6 |  6.4
Shields        | 1 |  1.8
Dodging        | |  1.7
Stealth        | |  1.7

Action                   |  1- 3 |  4- 6 |  7- 9 || total
-------------------------+-------+-------+-------++-------
Melee: Dagger            |     9 |    21 |    28 ||    58
       Tailslap          |       |     3 |     3 ||     6
       Staff             |       |       |     2 ||     2
 Cast: Magic Dart        |    71 |   142 |   156 ||   369
       Searing Ray       |       |     6 |    16 ||    22
       Fulminant Prism   |       |     2 |    11 ||    13
       Iskenderun's Myst |       |       |     2 ||     2
  Use: Scroll            |       |     5 |    10 ||    15
       Potion            |       |       |     6 ||     6
  Eat: Chunk             |     2 |    10 |    12 ||    24
       Fruit             |     1 |       |       ||     1
Armor: Skin              |    15 |    13 |    40 ||    68
Dodge: Dodged            |    30 |    24 |    71 ||   125
Block: Buckler           |     1 |     5 |    12 ||    18
